 Dungeon Sprint DCSS version 0.29-a0-337-g68df138881 (webtiles) character file.

Game seed: 6235478380418701167

1536 mhtbhm the Carver (level 9, -12/79 HPs)
             Began as a Human Berserker on Apr 16, 2022.
             Was an Elder of Trog.
             Killed from afar by an acid dragon (27 damage)
             ... with a splash of acid
             ... in the Dungeon (Sprint IX: "|||||||||||||||||||||||||||||").
             The game lasted 00:01:12 (807 turns).

mhtbhm the Carver (Human Berserker)                  Turns: 807, Time: 00:01:12

Health: -12/79     AC: 13    Str: 23    XL:     9   Next: 11%
Magic:  9/9        EV: 16    Int:  7    God:    Trog [****..]
Gold:   0          SH:  0    Dex: 12    Spells: 8/8 levels left

rFire   . . .      SeeInvis .   a - +2 scimitar (holy)
rCold   . . .      Faith    .   (no shield)
rNeg    . . .      Spirit   .   b - +2 ring mail
rPois   .          Reflect  .   (no helmet)
rElec   .          Harm     .   k - +0 cloak
rCorr   .          Rampage  .   l - +0 pair of gloves
Will    .....      NoTele   +   (no boots)
Stlth   +.........              (no amulet)
HPRegen 0.23/turn               m - +2 ring of evasion
MPRegen 0.11/turn               n - +2 ring of protection

@: on berserk cooldown, slowed, invisible, very slow
A: no striking features
a: Renounce Religion, Berserk, Trog's Hand, Brothers in Arms


You were in the Dungeon.
You worshipped Trog.
Trog was greatly pleased with you.
You visited 1 branch

Inventory:

Hand Weapons
 a - a +2 scimitar of holy wrath (weapon)
Armour
 b - a +2 ring mail (worn)
 k - a +0 cloak (worn)
 l - a +0 pair of gloves (worn)
Jewellery
 m - a +2 ring of evasion (left hand)
 n - a +2 ring of protection (right hand)
Wands
 j - a wand of acid (8)
Scrolls
 h - a scroll of blinking
Potions
 c - 5 potions of curing
 d - 3 potions of heal wounds
 e - a potion of haste
 f - 4 potions of magic
 g - a potion of berserk rage


   Skills:
 + Level 10.8 Fighting
 + Level 12.4 Long Blades
 + Level 7.3 Armour
 + Level 8.3 Dodging
 + Level 2.1 Stealth
 + Level 0.8 Evocations


You had 8 spell levels left.
You didn't know any spells.
Your spell library was empty.

Dungeon Overview and Level Annotations

Branches:
Dungeon (1/1)

Altars:
Cheibriados
Dithmenos
Elyvilon
Fedhas
Gozag
Hepliaklqana
Kikubaaqudgha
Makhleb
Nemelex Xobeh
Okawaru
Qazlal
Ru
Sif Muna
Trog
Uskayaw
Vehumet
Wu Jian
Xom
Yredelemnul
Zin
The Shining One
Beogh
Jiyva
Lugonu


Message History

The bolt of acid hits the 12-headed hydra!
You kill the 12-headed hydra!
Trog accepts your kill.
The bolt of acid hits the acid dragon.
The acid dragon is lightly wounded.
Your Long Blades skill increases to level 12!
Your Armour skill increases to level 7!
Your Dodging skill increases to level 8!
Your Stealth skill increases to level 2!
You have reached level 9!
Your experience leads to an increase in your attributes!
Increase (S)trength, (I)ntelligence, or (D)exterity?
You feel stronger. x2
Unknown command.
Okay, then.
You fade into invisibility!
Unknown command.
Unknown command.
Items here: )))))).
The acid dragon spits acid at something.
The splash of acid misses you.
You see here 2 scrolls of amnesia.
The basilisk hisses menacingly.
The basilisk gazes at something.
The acid dragon is moving more slowly.
There is an open door here.
There is a glowing golden altar of the Shining One here.
There is a glowing silver altar of Zin here.
The acid dragon stops moving altogether!
There is a basalt altar of Yredelemnul here.
There is a shimmering altar of Xom here.
There is an ornate altar of the Wu Jian Council here.
There is a radiant altar of Vehumet here.
There is a hide-covered altar of Uskayaw here.
The acid dragon is no longer petrified.
There is a bloodstained altar of Trog here.
There is a shimmering blue altar of Sif Muna here.
The acid dragon spits acid at something.
The splash of acid hits you!!
You die... ▓▓▓▓▓▓▓▓▓▓▓▓▓▓▓▓▓▓▓▓▓▓▓▓▓▓▓▓▓▓▓▓▓ [..HHy'__lD_____@______________'. ▓▓▓▓▓▓▓▓▓▓▓▓▓▓▓▓▓▓▓▓▓▓▓▓▓▓▓▓▓▓▓▓▓

You could see a basilisk (can't see you) and an acid dragon (can't see you, catching breath).

Vanquished Creatures
  A hydra (D)
  A troll (D)
  A wraith (D)
  2 yaks (D)
  A water moccasin (D)
  An orc warrior (D)
  2 howler monkeys (D)
  A hound (D)
  2 white imps (D)
  A ball python (D)
  2 goblins (D)
  A quokka (D)
  A rat (D)
17 creatures vanquished.

Notes
Turn   | Place    | Note
-------+----------+-------------------------------------------
     0 | D        | mhtbhm the Human Berserker began the quest for the Orb.
     0 | D        | Reached XP level 1. HP: 18/18 MP: 1/1
     8 | D        | Reached ** piety under Trog
    20 | D        | Reached XP level 2. HP: 10/25 MP: 2/2
   223 | D        | Noticed a howler monkey
   223 | D        | Noticed a water moccasin
   226 | D        | Reached skill level 4 in Long Blades
   236 | D        | Killed a water moccasin
   236 | D        | Reached *** piety under Trog
   237 | D        | Reached skill level 6 in Long Blades
   237 | D        | Reached XP level 3. HP: 14/34 MP: 3/3
   237 | D        | Reached XP level 4. HP: 17/40 MP: 4/4
   237 | D        | Reached XP level 5. HP: 20/46 MP: 5/5
   246 | D        | Reached skill level 7 in Long Blades
   247 | D        | Reached skill level 5 in Dodging
   247 | D        | Reached XP level 6. HP: 25/55 MP: 6/6
   252 | D        | Found a snail-covered altar of Cheibriados.
   252 | D        | Found a shadowy altar of Dithmenos.
   252 | D        | Found a white marble altar of Elyvilon.
   252 | D        | Found a blossoming altar of Fedhas.
   252 | D        | Found an opulent altar of Gozag.
   253 | D        | Found a hazy altar of Hepliaklqana.
   254 | D        | Found a viscous altar of Jiyva.
   255 | D        | Found an ancient bone altar of Kikubaaqudgha.
   256 | D        | Found a corrupted altar of Lugonu.
   257 | D        | Found a burning altar of Makhleb.
   258 | D        | Found a sparkling altar of Nemelex Xobeh.
   259 | D        | Found an iron altar of Okawaru.
   260 | D        | Found a stormy altar of Qazlal.
   261 | D        | Found a sacrificial altar of Ru.
   262 | D        | Found a shimmering blue altar of Sif Muna.
   263 | D        | Found a bloodstained altar of Trog.
   264 | D        | Found a hide-covered altar of Uskayaw.
   265 | D        | Found a radiant altar of Vehumet.
   266 | D        | Found an ornate altar of the Wu Jian Council.
   267 | D        | Found a shimmering altar of Xom.
   268 | D        | Found a basalt altar of Yredelemnul.
   269 | D        | Found a glowing silver altar of Zin.
   270 | D        | Found a glowing golden altar of the Shining One.
   449 | D        | Noticed a wraith
   449 | D        | Noticed a yak
   449 | D        | Noticed an orc warrior
   449 | D        | Noticed a yak
   449 | D        | Noticed a troll
   460 | D        | Killed a troll
   460 | D        | Reached **** piety under Trog
   461 | D        | Reached skill level 9 in Long Blades
   461 | D        | Reached skill level 5 in Armour
   461 | D        | Reached skill level 1 in Stealth
   461 | D        | Reached XP level 7. HP: 19/63 MP: 7/7
   709 | D        | Killed a yak
   713 | D        | Reached skill level 10 in Long Blades
   717 | D        | Killed a yak
   718 | D        | Reached XP level 8. HP: 72/72 MP: 8/8
   727 | D        | Killed a wraith
   727 | D        | Reached ***** piety under Trog
   728 | D        | Reached skill level 10 in Fighting
   728 | D        | Reached skill level 11 in Long Blades
   771 | D        | Noticed a manticore
   771 | D        | Noticed a manticore
   771 | D        | Noticed a four-headed hydra
   771 | D        | Noticed a basilisk
   792 | D        | Killed a 12-headed hydra
   793 | D        | Reached skill level 12 in Long Blades
   793 | D        | Reached XP level 9. HP: 10/79 MP: 9/9
   807 | D        | Killed from afar by an acid dragon

Illustrated notes

Levels and vault maps discovered:
D:        linesprint [early_d, line_temple, items_1, d_10, items_2, lair_1,
          lair_end, items_3, orc_1, orc_end, items_4, d_15, swamp_1, shoals_1,
          snake_1, spider_1, d_20, vaults_1, items_5, swamp_end, shoals_end,
          snake_end, spider_end, vaults_end, d_27, items_6, zot_1, zot_end,
          crypt_end, forest_end, elf_end, slime_end, tomb_end, abyss_end,
          pan_hell_end]

Skill      XL: |  1  2  3  4  5  6  7  8 |
---------------+-------------------------+-----
Fighting       | 6 7 8 9 10 | 10.8
Long Blades    | 6 7 9 10 12 | 12.4
Armour         | 3 5 6 7 |  7.3
Dodging        | 4 5 6 7 8 |  8.3
Stealth        | 1 2 |  2.1
Evocations     | |  0.8

Action                   |  1- 3 |  4- 6 |  7- 9 || total
-------------------------+-------+-------+-------++-------
Melee: Falchion          |    28 |     9 |       ||    37
       Scimitar          |       |    10 |    30 ||    40
Invok: Berserk           |     1 |     1 |     2 ||     4
       Brothers in Arms  |       |       |     1 ||     1
Evoke: Wand              |       |       |     2 ||     2
  Use: Scroll            |       |       |     1 ||     1
       Potion            |       |       |     1 ||     1
Armor: Animal skin       |     1 |     1 |       ||     2
       Ring mail         |       |     5 |    23 ||    28
Dodge: Dodged            |    13 |    12 |    18 ||    43

Table legend: (Time is in decaauts)
 A = Elapsed time spent in this place.
 B = Non-inter-level travel time spent in this place.
 C = Inter-level travel time spent in this place.
 D = Time resting spent in this place.
 E = Time spent auto-exploring this place.
 F = Levels seen in this place.
 G = Mean time per level.
                   A        B        C        D        E       F      G
               +--------+--------+--------+--------+--------+-----+--------+
         Total |    825 |    825 |      0 |    604 |      3 |   1 |  825.0 |
       Dungeon |    825 |    825 |      0 |    604 |      3 |   1 |  825.0 |
               +--------+--------+--------+--------+--------+-----+--------+

Top non-repeatable levels by time:
       D: 825 daAuts
